 Dungeon Crawl Stone Soup version 0.31-a0-931-g7b59d4eb97 (webtiles) character file.

Game seed: 10717721277530339989

108851 MrBloom the Warrior (level 16, -15/142 (151) HPs)
             Began as a Minotaur Berserker on Oct 18, 2023.
             Was a High Priest of Trog.
             Killed from afar by a thorn hunter (26 damage)
             ... with a volley of thorns
             ... on level 3 of the Swamp on Oct 20, 2023.
             The game lasted 03:01:03 (24087 turns).

MrBloom the Warrior (Minotaur Berserker)           Turns: 24087, Time: 03:01:03

HP:   -15/142 (151) AC: 15    Str: 28    XL:     16   Next: 3%
MP:   22/22         EV: 16    Int:  4    God:    Trog [*****.]
Gold: 939           SH:  0    Dex: 10    Spells: 15/15 levels left

rFire   + . .        T - +6 war axe of the Eggplant {heavy, rN+}
rCold   + . .        (no shield)
rNeg    + . .        Q - +1 scale mail of the Volcano {Contam rPois Slay+3}
rPois   +            (helmet restricted)
rElec   .            S - scarf {rC+ rF+}
rCorr   .            p - +0 pair of gloves
SInv    .            s - +1 pair of boots {Fly}
Will    +++..        (no amulet) Stlth
                     d - +5 ring of evasion
HPRegen 1.43/turn    K - +4 ring of slaying
MPRegen 0.18/turn

%: no passive effects
@: strong-willed, on berserk cooldown, flying, regenerating, slowed, drained,
very slow
A: horns 2, retaliatory headbutt, clumsy 1
a: Renounce Religion, Berserk, Trog's Hand, Brothers in Arms


You were on level 3 of the Swamp.
You worshipped Trog.
Trog was extremely pleased with you.
You visited 4 branches of the dungeon, and saw 21 of its levels.
You also visited: Sewer and Bailey.

You collected 1838 gold pieces.
You spent 899 gold pieces at shops.

Inventory:

Hand Weapons
 u - the +5 glaive of the Guard {elec, spectral}
   (Trog gifted it to you on level 1 of the Swamp)
 L - a +4 trident of freezing
 O - a +5 halberd of electrocution
 T - the +6 war axe of the Eggplant (weapon) {heavy, rN+}
   (You found it on level 4 of the Dungeon)

   rN+:       It protects you from negative energy.
 W - a +6 battleaxe of draining
Missiles
 y - 6 curare-tipped darts
 G - 17 boomerangs (quivered)
 I - 3 atropa-tipped darts
 P - 4 datura-tipped darts
 Z - 3 javelins
Armour
 b - a +2 scale mail of willpower
 p - a +0 pair of gloves (worn)
 s - a +1 pair of boots of flying (worn)
 x - an orb of light
 E - a +1 plate armour of cold resistance
 Q - the +1 scale mail of the Volcano (worn) {Contam rPois Slay+3}
   (You bought it in a shop on level 2 of the Dungeon)

   Slay+3:    It affects your accuracy & damage with ranged weapons and melee
   (+3).
   rPois:     It protects you from poison Contam: It causes magical
   contamination when unequipped.
 S - a scarf of resistance (worn)
 V - a +2 chain mail of fire resistance
Jewellery
 d - a +5 ring of evasion (left hand)
 D - a ring of ice
 K - a +4 ring of slaying (right hand)
 R - a ring of ice
Wands
 a - a wand of paralysis (17)
 l - a wand of acid (25)
 n - a wand of roots (14)
 t - a wand of polymorph (11)
 J - a wand of mindburst (28)
 N - a wand of flame (39)
Scrolls
 c - 11 scrolls of teleportation
 e - 2 scrolls of blinking
 f - a scroll of immolation
 h - 3 scrolls of fog
 i - a scroll of silence
 k - a scroll of revelation
 r - 3 scrolls of vulnerability
 v - a scroll of butterflies
 B - a scroll of fear
 C - 7 scrolls of noise
 F - 3 scrolls of poison
 M - 5 scrolls of enchant weapon
 X - a scroll of enchant armour {unknown}
Potions
 g - 2 potions of berserk rage
 j - 10 potions of curing
 m - 4 potions of brilliance
 o - 2 potions of attraction
 q - 2 potions of lignification
 w - 2 potions of haste
 z - 5 potions of might
 A - a potion of invisibility
 H - 2 potions of heal wounds
 U - 2 potions of resistance
 Y - a potion of enlightenment


   Skills:
 + Level 16.3 Fighting
 + Level 12.9(16.2) Axes
 - Level 16.0(17.7) Polearms
 + Level 11.1 Throwing
 + Level 15.1 Armour
 - Level 2.1 Dodging
 + Level 10.2 Invocations
 + Level 4.5 Evocations


You had 15 spell levels left.
You didn't know any spells.
Your spell library was empty.

Dungeon Overview and Level Annotations

Branches:
Dungeon (11/15)            Temple (0/1) D:4            Lair (5/5) D:10
  Swamp (3/4) Lair:3       Spider (0/4) Lair:2        Slime (0/5) Lair:4
    Orc (2/2) D:10            Elf (0/3) Orc:2         Sewer (visited)
 Bailey (visited)

Altars:
Dithmenos
Elyvilon
Kikubaaqudgha
Makhleb
Nemelex Xobeh
Qazlal
Ru
Sif Muna
Trog
Vehumet
Wu Jian
Xom
Yredelemnul
Zin
Jiyva

Shops:
D:2 [   D:4 !   Orc:2 (*!!

Portals:
Trove: D:10 (give 14 scrolls of teleportation)

Annotations:
D:9 exclusion: downstairs
D:11 exclusion: upstairs
Lair:4 2 transporters, Osajif's ghost, journeyman DESh


Innate Abilities, Weirdness & Mutations

You have a pair of horns on your head.
You reflexively headbutt those who attack you in melee.
You are clumsy. (Dex -2)


Message History

The ghost crab closely misses you. You furiously retaliate!
You headbutt the ghost crab! The ghost crab claws you.
* * * LOW HITPOINT WARNING * * *
You partially resist.
You feel drained.
* * * LOW HITPOINT WARNING * * *
Your skin crawls.
You feel strong-willed. The ghost crab closely misses you.
You furiously retaliate!
You headbutt the ghost crab.
The ghost crab claws you but does no damage.
You slice the ghost crab!!
The ghost crab is severely damaged.
The ghost crab bites you!
* * * LOW HITPOINT WARNING * * *
You partially resist.
You feel drained.
* * * LOW HITPOINT WARNING * * *
The ghost crab closely misses you.
A thorn hunter comes into view.
The ghost crab breathes spectral mist at you.
The spectral mist engulfs you but does no damage.
The thorn hunter fires a volley of thorns at you.
The volley of thorns misses you.
You barely miss the ghost crab.
The ghost crab is severely damaged.
You are engulfed in spectral mist.
* * * LOW HITPOINT WARNING * * *
The ghost crab breathes spectral mist at you.
The spectral mist engulfs you but does no damage.
The thorn hunter is engulfed in spectral mist.
You slice the thorn hunter like a ripe choko!!!!
You headbutt the thorn hunter.
The thorn hunter is almost destroyed.
You are engulfed in spectral mist.
You hear a chilling moan.
The ghost crab breathes spectral mist at you.
The spectral mist engulfs the thorn hunter but does no damage.
The thorn hunter is engulfed in spectral mist.
The thorn hunter fires a volley of thorns at you.
The volley of thorns hits you!!
You die...

♣.~~~♣§~~~...~~~~
♣..)♣♣.~§~~~..~~~~~~~
♣.~♣♣♣♣...~~..~~~~~~~
♣..~♣♣♣♣♣...♣...~~~~~
♣♣..<.~♣♣♣.~♣♣. .~.~~
♣~~~~~....~~..♣♣ ~~§~~.
♣.~~~~~♣...♣...♣♣.§§~~.
♣.~~....♣♣♣♣♣.○♣☼☼§~~.♣
♣♣♣♣♣♣..♣ ♣♣♣@f☼§§.~♣
♣♣♣~ ♣♣○t§§~.♣ .~
♣♣○~~~~ ^~. ~~~. ~.. ♣.


You could see a thorn hunter and a ghost crab.

Vanquished Creatures
  2 orc warlords
  An eleionoma (Swamp:3)
  3 bunyips
  Josephine (Swamp:1)
  5 ogre magi
  9 alligators
  A spriggan air mage (Swamp:3)
  8 hydras
  2 centaur warriors (D:10)
  4 catoblepae (Lair:5)
  14 death yaks
  2 boulder beetles (D:10)
  24 two-headed ogres
  Nergalle (Lair:3)
  A pharaoh ant (Lair:2)
  A death drake (Swamp:2)
  3 goliath frogs
  3 swamp dragons
  2 bog bodies
  A spriggan druid (Swamp:1)
  2 orc knights
  A deep elf pyromancer (D:9)
  A lindwurm (Lair:1)
  3 ugly things (D:10)
  4 orc sorcerers
  A will-o-the-wisp (Swamp:2)
  2 manticores (Lair:5)
  A cyclops (D:10)
  14 elephants
  7 black mambas
  13 cane toads
  4 rime drakes
  8 komodo dragons
  8 trolls
  7 hornets
  A polar bear (Lair:4)
  3 tyrant leeches
  The ghost of Cris the Ducker, an amateur DsGl (D:4)
  25 blink frogs
  Sigmund (D:3)
  6 spriggans
  4 wyverns
  2 shadows (D:9)
  69 yaks
  2 basilisks
  5 wraiths
  Eustachio (D:5)
  A golden eye (shapeshifter) (D:10)
  2 steam dragons
  4 vampire mosquitoes (Swamp:1)
  2 redbacks (Lair:2)
  6 swamp worms
  2 wargs (Orc:1)
  19 water moccasins
  An acid dragon (D:10)
  22 orc warriors
  2 swamp drakes
  2 sky beasts
  4 black bears
  27 ogres
  5 centaurs
  15 wolves
  8 kobold brigands
  14 bullfrogs
  A gnoll sergeant (D:10)
  4 scorpions
  22 wights
  4 killer bees (D:9)
  A howler monkey (D:11)
  An electric eel (Lair:1)
  3 hounds
  3 jellies
  10 orc priests
  A sleepcap (D:4)
  Terence (D:2)
  21 orc wizards
  3 gnolls (D:10)
  8 river rats
  19 adders
  2 shadow imps
  3 white imps
  2 ufetubi (D:7)
  A worm (D:3)
  The ghost of Azuregosa the Sneak, a weakling OpDe (D:6)
  A dart slug (D:2)
  63 orcs
  10 ball pythons
  7 bats
  3 endoplasms
  2 giant cockroaches
  10 goblins
  4 hobgoblins
  2 jackals (Sewer)
  2 quokkas
  4 frilled lizards
  19 kobolds
  10 rats
668 creatures vanquished.

Vanquished Creatures (others)
  A will-o-the-wisp (Swamp:3)
  8 foxfires
9 creatures vanquished.

Grand Total: 677 creatures vanquished

Notes
Turn   | Place    | Note
-------+----------+-------------------------------------------
     0 | D:1      | MrBloom the Minotaur Berserker began the quest for the Orb.
     0 | D:1      | Reached XP level 1. HP: 19/19 MP: 0/0
   354 | D:1      | Reached XP level 2. HP: 27/27 MP: 1/1
   984 | D:2      | Found Tifejuw's Antique Armour Boutique.
  1014 | D:2      | Reached XP level 3. HP: 33/33 MP: 2/2
  1234 | D:2      | Reached skill level 5 in Polearms
  1330 | D:2      | Noticed Terence
  1336 | D:2      | Killed Terence
  1337 | D:2      | Reached XP level 4. HP: 41/41 MP: 3/3
  1354 | D:2      | Reached ** piety under Trog
  1599 | D:3      | Found a shimmering blue altar of Sif Muna.
  1746 | D:3      | Found a white marble altar of Elyvilon.
  2035 | D:3      | Reached XP level 5. HP: 47/47 MP: 4/4
  2312 | D:3      | Noticed Sigmund
  2334 | D:3      | Killed Sigmund
  2335 | D:3      | Reached skill level 5 in Fighting
  2335 | D:3      | Reached XP level 6. HP: 56/56 MP: 5/5
  2670 | D:4      | Found Pucuoc's Distillery.
  2714 | D:4      | Found a transporter.
  2760 | D:4      | Found a transporter.
  2760 | D:4      | Noticed Cris's ghost (amateur DsGl)
  2805 | D:4      | Found a burning altar of Makhleb.
  2805 | D:4      | Found an ornate altar of the Wu Jian Council.
  2806 | D:4      | Found a bloodstained altar of Trog.
  2807 | D:4      | Found a shimmering altar of Xom.
  2813 | D:4      | Found a sparkling altar of Nemelex Xobeh.
  2901 | D:4      | Found a glowing drain.
  2909 | Sewer    | Entered a sewer
  2920 | Sewer    | Upgraded the game from 0.31-a0-925-g0a390f2509 to
                  | 0.31-a0-931-g7b59d4eb97
  3084 | Sewer    | Reached XP level 7. HP: 52/63 MP: 6/6
  3767 | D:4      | Found a sacrificial altar of Ru.
  3779 | D:4      | Reached *** piety under Trog
  3895 | D:4      | Found a staircase to the Ecumenical Temple.
  3973 | D:2      | Bought a runed chain mail for 157 gold pieces
  4032 | D:5      | Entered Level 5 of the Dungeon
  4274 | D:5      | Noticed Eustachio
  4291 | D:5      | Killed Eustachio
  5146 | D:6      | Reached XP level 8. HP: 73/73 MP: 7/7
  5260 | D:6      | Reached skill level 10 in Polearms
  5570 | D:6      | Reached skill level 5 in Armour
  5744 | D:6      | Found a runed translucent door.
  5750 | D:6      | Noticed Azuregosa's ghost (weakling OpDe)
  5789 | D:6      | Killed Azuregosa's ghost
  6079 | D:2      | Bought a pair of runed boots for 157 gold pieces
  6317 | D:7      | Found a stormy altar of Qazlal.
  6317 | D:7      | Found a radiant altar of Vehumet.
  6317 | D:7      | Found a shadowy altar of Dithmenos.
  6398 | D:7      | Reached XP level 9. HP: 82/82 MP: 8/8
  6687 | D:7      | Found a basalt altar of Yredelemnul.
  6962 | D:8      | Reached **** piety under Trog
  7318 | D:9      | Identified the "Qiwanlud"
  7332 | D:9      | Reached XP level 10. HP: 93/93 MP: 9/9
  7381 | D:9      | Reached skill level 10 in Fighting
  7514 | D:9      | Noticed a deep elf pyromancer
  7524 | D:9      | Killed a deep elf pyromancer
  7621 | D:9      | Found an ancient bone altar of Kikubaaqudgha.
  8044 | D:10     | Entered Level 10 of the Dungeon
  8052 | D:10     | Reached skill level 1 in Throwing
  8133 | D:10     | Found a portal to a secret trove of treasure.
  8239 | D:10     | Noticed a two-headed ogre
  8256 | D:10     | Killed a two-headed ogre
  8257 | D:10     | Reached XP level 11. HP: 86/102 MP: 10/10
  8306 | D:10     | Noticed a two-headed ogre
  8330 | D:10     | Killed a two-headed ogre
  8348 | D:10     | Noticed a boulder beetle
  8352 | D:10     | Killed a boulder beetle
  8353 | D:10     | Reached skill level 15 in Polearms
  8373 | D:10     | Found a glowing silver altar of Zin.
  8380 | D:10     | Found a flagged portal.
  8444 | Bailey   | Entered a bailey
  8702 | Bailey   | Found an iron altar of Okawaru.
  8774 | D:10     | Noticed a boulder beetle
  8786 | D:10     | Killed a boulder beetle
  8881 | D:10     | Reached skill level 1 in Invocations
  8889 | D:10     | Noticed a two-headed ogre
  9079 | D:11     | Noticed a two-headed ogre
  9214 | D:2      | Bought a fading scale mail for 189 gold pieces
  9214 | D:2      | Identified the +1 scale mail of the Volcano {Contam rPois
                  | Slay+3} (You bought it in a shop on level 2 of the Dungeon)
  9322 | D:10     | Noticed an ogre mage
  9383 | D:10     | Noticed a centaur warrior
  9394 | D:10     | Killed a centaur warrior
  9646 | D:10     | Killed an ogre mage
  9647 | D:10     | Reached skill level 10 in Armour
  9660 | D:10     | Killed a two-headed ogre
  9837 | D:4      | Killed Cris's ghost
  9838 | D:4      | Reached skill level 5 in Throwing
  9896 | D:4      | Identified the +6 war axe of the Eggplant {heavy, rN+}
  9923 | D:4      | Bought a potion of resistance for 140 gold pieces
 10063 | D:10     | Noticed a red ugly thing
 10063 | D:10     | Noticed a cyan ugly thing
 10068 | D:10     | Noticed a green ugly thing
 10099 | D:10     | Killed a cyan ugly thing
 10100 | D:10     | Reached skill level 1 in Axes
 10106 | D:10     | Killed a cyan ugly thing
 10111 | D:10     | Killed a green ugly thing
 10114 | D:10     | Reached XP level 12. HP: 112/112 MP: 11/13
 10144 | D:10     | Noticed a centaur warrior
 10412 | D:10     | Killed a centaur warrior
 10749 | D:10     | Noticed a two-headed ogre
 10782 | D:10     | Killed a two-headed ogre
 10822 | D:10     | Found a staircase to the Orcish Mines.
 10848 | D:10     | Found a staircase to the Lair.
 10881 | Gauntlet | Identified the of Emammog
 10881 | Lair:1   | Entered Level 1 of the Lair of Beasts
 11537 | Lair:1   | Reached skill level 5 in Invocations
 11543 | Lair:1   | Reached skill level 5 in Axes
 11909 | Lair:1   | Identified the +6 sling of Change {heavy, Str+4}
 12351 | Lair:2   | Reached ***** piety under Trog
 12469 | Lair:2   | Found a hole to the Spider Nest.
 12517 | Lair:2   | Reached XP level 13. HP: 122/122 MP: 16/16
 13740 | Lair:3   | Noticed Nergalle
 13747 | Lair:3   | Killed Nergalle
 14178 | Lair:3   | Found a staircase to the Swamp.
 14794 | Lair:4   | Identified the +7 rapier of the Flying Lamprey {drain,
                  | rElec Str+2 Int-4 Dex+3}
 14844 | Lair:4   | Noticed Osajif's ghost (journeyman DESh)
 14854 | Lair:4   | Found a transporter.
 14857 | Lair:4   | Found a transporter.
 15118 | Lair:4   | Found a viscous altar of Jiyva.
 15118 | Lair:4   | Found a staircase to the Slime Pits.
 15727 | Lair:5   | Entered Level 5 of the Lair of Beasts
 15738 | Lair:4   | Reached XP level 14. HP: 133/133 MP: 18/18
 16735 | Lair:5   | Received a gift from Trog
 16832 | Lair:5   | Reached skill level 15 in Fighting
 16885 | Lair:5   | Reached skill level 10 in Axes
 17687 | Lair:5   | Gained mutation: You are clumsy. (Dex -2) [mutagenic glow]
 17906 | Orc:1    | Entered Level 1 of the Orcish Mines
 17909 | Orc:1    | Noticed an orc warlord
 18166 | D:10     | Killed an orc warlord
 18300 | D:10     | Reached skill level 10 in Throwing
 18544 | Orc:2    | Entered Level 2 of the Orcish Mines
 18597 | Orc:2    | Reached skill level 1 in Evocations
 18667 | Orc:2    | Reached XP level 15. HP: 112/141 MP: 20/20
 19318 | Orc:2    | Found a staircase to the Elven Halls.
 19506 | Orc:2    | Received a gift from Trog
 19831 | Orc:2    | Found Xampolaen's General Store.
 19831 | Orc:2    | Found Nosus's Antique Weapon Shoppe.
 19832 | Orc:2    | Found Com Get's Distillery.
 19832 | Orc:2    | Found Efall's Distillery.
 19840 | Orc:2    | Bought a glowing battleaxe for 256 gold pieces
 20140 | Orc:1    | Found a bloodstained altar of Trog.
 20686 | Swamp:1  | Entered Level 1 of the Swamp
 21216 | Swamp:1  | Identified the +10 long sword of Causality {protect, rPois
                  | rC+++ MP-9 Int-4}
 21226 | Swamp:1  | Received a gift from Trog
 21226 | Swamp:1  | Found the +5 glaive of the Guard {elec, spectral}
 21565 | Swamp:1  | Noticed Josephine
 21568 | Swamp:1  | Killed Josephine
 22582 | Swamp:2  | Reached skill level 10 in Invocations
 23216 | Swamp:2  | Reached skill level 15 in Armour
 24005 | Swamp:3  | Reached XP level 16. HP: 151/151 MP: 22/22
 24085 | Swamp:3  | Noticed a thorn hunter
 24086 | Swamp:3  | HP: 6/142 [ghost crab] (3)]
 24087 | Swamp:3  | Killed from afar by a thorn hunter

Illustrated notes

Levels and vault maps discovered:
D:1:      dpeg_arrival_lava_altar, layout_basic, serial_park_tiny_2,
          minmay_misc_feat_ornament
D:2:      minmay_general_purpose_star, layout_rooms, serial_shops,
          nicolae_shop_stone, chequers_jeans, uniq_terence
D:3:      layout_loops_corners, nicolae_elyvilon_peaceful_grove, led_sif_pool,
          kennysheep_cross_room, uniq_sigmund
D:4:      layout_rooms, amcnicky_altar_gilded,
          nicolae_ru_great_annihilating_truth,
          nicolae_overflow_macrodata_refinement, minmay_temple_entry_nine_rooms,
          gammafunk_ghost_arena, serial_shops, shop, portal_sewer_entry_e
D:5:      layout_layer_cave, uniq_eustachio
D:6:      layout_basic, ebering_ghost_sewer_d
D:7:      layout_rooms, mainiacjoe_overflow_alcove_4,
          gammafunk_temple_overflow_forgotten
D:8:      layout_basic
D:9:      minmay_evil_eye, layout_rooms, mainiacjoe_overflow_boulevard
D:10:     minmay_the_grid_four_pointed_star_mashed
          [minmay_the_grid_triangle_9x9_wacky_v,
          minmay_the_grid_triangle_9x9_sparse_checkered,
          minmay_the_grid_triangle_9x9_checkered,
          minmay_the_grid_triangle_9x9_thin_v,
          minmay_the_grid_prize_four_corners], layout_long_grid,
          lemuel_crystal_altar, orc_0_dummy, nicolae_trove_entry_isolated,
          enter_bailey_5
D:11:     cheibrodos_ideogram_h, layout_rooms, disabler_island
Lair:1:   layout_cave_pods, minivault_27, nicolae_lair_lindhole,
          grunt_megastairs_1, lemuel_fruit_tree, infiniplex_staircase_pool,
          serial_bayou_shore_b
Lair:2:   layout_cave_pods, nicolae_spider_entry_lesser_pyramids,
          grunt_megastairs_3, lemuel_fruit_fields
Lair:3:   layout_long_grid, skrybe_swamp_entry_bodies, minmay_holes,
          chequers_serial_rivers_marsh, uniq_nergalle
Lair:4:   layout_small_grid, dpeg_slime_entry_enclosed, gammafunk_ghost_arena
Lair:5:   evilmike_catoblepas_cave, layout_misc_corridors,
          chequers_serial_rivers_small_3, dreamdust_mushroom_princess
Swamp:1:  layout_falls_marsh, nicolae_swamp_very_dense_foliage, swamp_pool1,
          uniq_josephine
Swamp:2:  layout_basic_swamp, evilmike_swamp_ruin_rubble_1
Swamp:3:  layout_basic_swamp, evilmike_swamp_ruin_house_4
Orc:1:    layout_diamond_mine, basic_altar
Orc:2:    st_orc_ogre_mass, layout_caves, nicolae_orc_lava_room

Skill      XL: |  1  2  3  4  5  6  7  8  9 10 11 12 13 14 15 |
---------------+----------------------------------------------+-----
Polearms       | 4 5 6 7 8 9 11 13 14 16 | 16.0
Fighting       | 4 5 6 7 8 9 11 12 13 14 15 16 | 16.3
Armour         | 3 5 7 9 10 11 13 14 15 | 15.1
Throwing       | 3 5 7 8 10 11 | 11.1
Invocations    | 3 5 7 9 10 | 10.2
Axes           | 1 5 8 11 12 | 12.9
Evocations     | 1 4 |  4.5
Dodging        | |  2.1

Action                     |  1- 3 |  4- 6 |  7- 9 | 10-12 | 13-15 | 16-18 || total
---------------------------+-------+-------+-------+-------+-------+-------++-------
  Melee: Spear             |    69 |    56 |       |       |       |       ||   125
         Headbutt          |     5 |    15 |    33 |    40 |   114 |     5 ||   212
         Trident           |       |    92 |    25 |       |       |       ||   117
         Unarmed           |       |     2 |       |       |       |       ||     2
         Halberd           |       |       |   163 |   296 |   329 |       ||   788
         Glaive            |       |       |    83 |    39 |       |       ||   122
         War axe           |       |       |       |       |   214 |    17 ||   231
         Punch             |       |       |       |       |     3 |       ||     3
  Throw: Boomerang         |       |       |       |    66 |   380 |     4 ||   450
         Throwing net      |       |       |       |     3 |       |       ||     3
         Dart              |       |       |       |    23 |     1 |       ||    24
 Invoke: Berserk           |     2 |     4 |    11 |    13 |    30 |     1 ||    61
         Trog's Hand       |       |       |     4 |     4 |     3 |     1 ||    12
         Brothers in Arms  |       |       |       |     1 |     3 |       ||     4
  Evoke: Wand              |     2 |     2 |     4 |     2 |     3 |       ||    13
    Use: Scroll            |     2 |     4 |     5 |     7 |    14 |     2 ||    34
         Potion            |       |       |       |       |     3 |       ||     3
   Stab: Sleeping          |     2 |       |       |       |       |       ||     2
         Paralysed         |       |     3 |       |       |       |       ||     3
         Distracted        |       |     1 |       |     2 |       |       ||     3
 Armour: Animal skin       |    18 |       |       |       |       |       ||    18
         Chain mail        |       |    34 |   107 |   103 |       |       ||   244
         Scale mail        |       |       |       |    32 |   405 |    47 ||   484
  Dodge: Dodged            |    26 |    50 |   114 |   119 |   408 |    20 ||   737

Table legend: (Time is in decaauts)
 A = Elapsed time spent in this place.
 B = Non-inter-level travel time spent in this place.
 C = Inter-level travel time spent in this place.
 D = Time resting spent in this place.
 E = Time spent auto-exploring this place.
 F = Levels seen in this place.
 G = Mean time per level.
                   A        B        C        D        E       F      G
               +--------+--------+--------+--------+--------+-----+--------+
         Total |  24615 |  22733 |   1882 |   7273 |  11023 |  23 | 1070.2 |
       Dungeon |  10626 |   9398 |   1228 |   2141 |   5215 |  11 |  966.0 |
          Lair |   7274 |   6751 |    523 |   2257 |   3416 |   5 | 1454.8 |
         Swamp |   3306 |   3237 |     69 |   1769 |   1012 |   3 | 1102.0 |
  Orcish Mines |   2217 |   2157 |     60 |    855 |    828 |   2 | 1108.5 |
         Sewer |    873 |    873 |      0 |    100 |    480 |   1 |  873.0 |
        Bailey |    316 |    316 |      0 |    149 |     71 |   1 |  316.0 |
               +--------+--------+--------+--------+--------+-----+--------+

Top non-repeatable levels by time:
    D:10: 2365 daAuts
 Swamp:2: 1796 daAuts
  Lair:3: 1533 daAuts
  Lair:4: 1527 daAuts
  Lair:1: 1521 daAuts
  Lair:5: 1506 daAuts
     D:6: 1322 daAuts
     D:3: 1308 daAuts
 Swamp:1: 1257 daAuts
     D:5: 1234 daAuts
  Lair:2: 1186 daAuts
   Orc:1: 1181 daAuts
   Orc:2: 1035 daAuts
     D:1: 900 daAuts
   Sewer: 873 daAuts
